[Event "Early-Titled-Tuesday-Blitz-May-14-2024"]
[Site "Chess.com"]
[Date "2024.05.14"]
[Round "4"]
[White "Hope_6"]
[Black "dretch"]
[Result "1/2-1/2"]
[WhiteElo "2637"]
[BlackElo "2889"]
[TimeControl "180+1"]
[EndTime "8:42:35 PDT"]
[Termination "Game drawn - insufficient material"]

1. e4 e6 2. d4 d5 3. Nc3 Nf6 4. Bg5 dxe4 5. Nxe4 Be7 6. Nxf6+ Bxf6 7. Bxf6 Qxf6 8. Nf3 c5 9. Bb5+ Bd7 10. Qe2 O-O 11.
O-O-O cxd4 12. Nxd4 e5 13. Nf3 Bxb5 14. Qxb5 Nc6 15.
Rhe1 Rac8 16. Kb1 h6 17. Rd2 Rfe8 18. Rde2 Re7 19. Ka1 Qg6 20. g3 Qg4 21. Qb3 Rd8 22. a3 e4 23. h3 Qxf3 24. Qxf3 exf3 25. Rxe7 Nxe7 26. Rxe7 Rd2 27. Rxb7 Rxf2 28. Rb3 f5 29. c4 g5 30. c5 Kf7 31. c6 Ke7 32. Rd3 Rf1+ 33.
Ka2 f2 34. Rf3 Kd6 35. Rxf5 Kxc6 36. b4 Kd6 37. a4 Rg1 38. Rxf2 Rxg3 39. Rf6+ Kd5 40.
Rxh6 Kc4 41. b5 Kb4 42. Ra6 Rg2+ 43. Kb1 Kb3 44. Kc1 Rc2+ 45. Kd1 Rc7 46. Ke2 Kb4 47. Kf3 Rh7 48. Kg3 Rf7 49. Kg4 Rg7 50. Kf3 Rh7 51. Kg3 Kc4 52. Kg4 Rg7 53. Rf6 Kb4 54. Ra6 Kc4 55. Kf5 Kb4 56. Kf6 Rh7 57. Kg6 Rxh3 58.
Rxa7 g4 59. b6 Rh8 60. b7 Rb8 61. a5 g3 62. Ra8 Rxb7 63. Rg8 Rb5 64. a6 Ra5 65.
Kf7 Rxa6 66. Rxg3 Ra4 67. Rg4+ Kb3 68. Rxa4 Kxa4 1/2-1/2

[Event "Early-Titled-Tuesday-Blitz-May-14-2024"]
[Site "Chess.com"]
[Date "2024.05.14"]
[Round "4"]
[White "noblerone"]
[Black "mapleaff"]
[Result "1/2-1/2"]
[WhiteElo "2502"]
[BlackElo "2302"]
[TimeControl "180+1"]
[EndTime "8:42:35 PDT"]
[Termination "Game drawn - insufficient material"]

1. d4 Nf6 2. Nf3 d5 3. Bg5 c5 4. e3 cxd4 5. exd4 Nc6 6. c3 Bg4 7. Be2 e6 8. O-O Be7 9. Nbd2 O-O 10. h3 Bh5 11. Re1 h6 12. Bh4 Rc8 13. Ne5 Bxe2 14. Qxe2 Nd7 15. Bxe7 Qxe7 16. f4 Ndxe5 17. fxe5 f6 18.
exf6 Rxf6 19. Rf1 Rcf8 20. Rxf6 Rxf6 21. Re1 Qf7 22. Nf3 a6 23. a4 Qd7 24. b4 Ne7 25. b5 axb5 26. axb5 Ng6 27. b6 Qd6 28. Ne5 Nxe5 29. dxe5 Qxb6+ 30. Kh1 Rf2 31. Qh5 Rf5 32. Qe8+ Kh7 33. Qa4 Qf2 34. Qd1 Rg5 35. Rg1 Rxe5 36. Qb1+ Qf5 37. Qxb7 Re3 38. Qc7 Qe4 39. Qh2 Rxc3 40.
Rf1 Rc2 41. Rd1 d4 42. Qg3 d3 43. Rxd3 Rc1+ 44. Kh2 Qe1 45. Qe3 Qxe3 46. Rxe3 Rc6 47.
Kg3 Kg6 48. Kf4 Kf6 49. Ke4 Rc4+ 50. Kd3 Ra4 51. Rf3+ Ke7 52. Rf1 g5 53. Ke3 Ra3+ 54. Ke4 Rg3 55. Rf2 Rb3 56. Ra2 Rb4+ 57. Ke5 Rb5+ 58.
Ke4 Kf6 59. Rf2+ Kg6 60. Ra2 Rf5 61. Ra6 Kf6 62. Ra2 Rf4+ 63. Ke3 e5 64. Ra6+ Kg7 65.
Ra7+ Kg6 66. Ra6+ Kh5 67. Re6 Kh4 68. Rxh6+ Kg3 69. Rg6 Kxg2 70. Rxg5+ Kxh3 71. Rxe5 Rg4 72. Kf3 Rg3+ 73. Kf2 Rg2+ 74. Kf1 Rg4 75. Kf2 Rf4+ 76. Ke3 Rg4 77. Re4 Rxe4+ 78. Kxe4 1/2-1/2

[Event "Early-Titled-Tuesday-Blitz-May-14-2024"]
[Site "Chess.com"]
[Date "2024.05.14"]
[Round "4"]
[White "SirStrateg"]
[Black "MITerryble"]
[Result "0-1"]
[WhiteElo "2681"]
[BlackElo "3047"]
[TimeControl "180+1"]
[EndTime "8:42:36 PDT"]
[Termination "MITerryble won by resignation"]

1. d4 e6 2. Nf3 Nf6 3. Bg5 b6 4. e4 h6 5. Bxf6 Qxf6 6. Bd3 Bb7 7. Nbd2 d6 8. O-O Nd7 9. Qe2 a6 10. e5 dxe5 11. dxe5 Qe7 12. Be4 O-O-O 13. Bxb7+ Kxb7 14. a4 Nb8 15. Qe4+ c6 16. Nc4 Qc7 17. c3 Rd5 18. b4 Ka7 19. Ne3 Rd7 20. Rfd1 Be7 21. Rxd7 Qxd7 22. Nd4 Rd8 23. h3 Qb7 24. b5 c5 25.
Nc6+ Nxc6 26. bxc6 Qc7 27. Nc4 Rd5 28. Ne3 Rxe5 29.
Qf3 Bg5 30. Nc4 Rd5 31. Rb1 Rf5 32. Qe4 Rf4 33. Qd3 Rxc4 34. Qxc4 Qxc6 35. Rd1 Kb7 36.
Qb3 Bf6 37. Qc2 Kc7 38. Qd3 c4 39. Qc2 Be5 40. Re1 Bd6 41. Rb1 Bc5 42. Rd1 Be7 43. Rb1 Bf6 44. Rc1 Qc5 45. Rd1 Qe5 46. Rc1 Be7 47. Qd2 Bd6 48. g3 Qd5 49. Rd1 Qxd2 50.
Rxd2 Be5 51. Rc2 g5 52. Kg2 Kc6 53. Kf3 Kc5 54. Ke4 Bg7 55. Ke3 f5 56. Kd2 Be5 57. g4 Bf4+ 58. Ke2 Be5 59. Kd2 Kc6 60. Ke3 Bd6 61. Kd4 b5 62. axb5+ axb5 63. Ra2 Bc7 64. Ra6+ Bb6+ 65. Ke5 Kb7 66. Ra2 f4 67. Kxe6 Kc6 68.
Kf5 Kc5 69. Rc2 b4 70. cxb4+ Kxb4 71. Kg6 Kb3 72. Rc1 Bxf2 73. Kxh6 Be3 74. Rxc4 Kxc4 75. Kxg5 f3+ 76. Kf5 f2 77. Ke4 f1=Q 78. Kxe3 Qd3+ 0-1

[Event "Early-Titled-Tuesday-Blitz-May-14-2024"]
[Site "Chess.com"]
[Date "2024.05.14"]
[Round "4"]
[White "jasrom"]
[Black "ChadBiryani"]
[Result "0-1"]
[WhiteElo "2334"]
[BlackElo "2542"]
[TimeControl "180+1"]
[EndTime "8:42:38 PDT"]
[Termination "ChadBiryani won on time"]

1. e4 c5 2. Nc3 a6 3. g3 g6 4. Bg2 Bg7 5. Nh3 e6 6. O-O Ne7 7. d3 O-O 8. f4 Nbc6 9. Be3 d6 10. Nf2 b5 11. Qd2 Bb7 12. g4 f5 13.
h3 Qd7 14. Rab1 Nd4 15. Ncd1 Rae8 16. c3 Ndc6 17. Nh1 Kh8 18. Ndf2 Ng8 19. Ng3 Nce7 20.
d4 c4 21. Rbd1 fxe4 22. Nfxe4 Nd5 23. Ng5 Ngf6 24. Rde1 h6 25. N5e4 Nxe3 26. Qxe3 Nd5 27. Qd2 Re7 28. h4 Ref7 29. Ne2 Qd8 30. g5 h5 31. Rf2 Ne7 32. N2g3 Nf5 33. Nxf5 exf5 34. Ng3 Bxg2 35. Rxg2 Re8 36. Rge2 Rfe7 37. Kf2 Kg8 38.
Nf1 Kf8 39. Re3 Qa8 40. R1e2 Qh1 41. Rxe7 Rxe7 42. Rxe7 Kxe7 43. Qe3+ Kf7 44. Qg3 b4 45. Ke2 Qe4+ 46. Ne3 bxc3 47. bxc3 Qd3+ 48. Kf2 Qxc3 49. Qf3 Qd2+ 50. Kg3 Qxd4 51. Qb7+ Kg8 52. Qc8+ Kh7 53.
Nxc4 Qg1+ 54. Kf3 Qg4+ 55. Ke3 Qg3+ 56. Ke2 Qxf4 57. Qc7 Qg4+ 58. Kd3 Qe4+ 59. Kd2 Qg2+ 60. Kd3 Qg3+ 61. Kd2 Qxh4 62. Nxd6 Qxg5+ 63. Kd3 Qg3+ 64. Kc4 h4 65. Kd5 h3 66. Qf7 Qd3+ 0-1

[Event "Early-Titled-Tuesday-Blitz-May-14-2024"]
[Site "Chess.com"]
[Date "2024.05.14"]
[Round "4"]
[White "Dolphin_2010"]
[Black "sergiochess83"]
[Result "1/2-1/2"]
[WhiteElo "2626"]
[BlackElo "2860"]
[TimeControl "180+1"]
[EndTime "8:42:39 PDT"]
[Termination "Game drawn by repetition"]

1. d4 Nf6 2. Bg5 d5 3. Bxf6 exf6 4. e3 c6 5. c4 dxc4 6. Bxc4 Bd6 7. Nc3 O-O 8. Rc1 Nd7 9. Qf3 Nb6 10. Bb3 f5 11. h3 Qg5 12. Nge2 a5 13. Bc2 g6 14.
h4 Qg4 15. Qxg4 fxg4 16. g3 Be6 17. O-O f5 18. Bb3 Bxb3 19. axb3 Kf7 20. Na4 Nd5 21. Nec3 Nb4 22. Nb6 Rad8 23. Nc4 Bc7 24. Kg2 h6 25. Rfd1 g5 26. hxg5 hxg5 27. Ra1 b6 28. Rac1 Rh8 29.
Na3 f4 30. Rh1 f3+ 31. Kg1 Rxh1+ 32. Kxh1 Nd3 33. Rc2 Nb4 34. Rc1 Kg6 35. Kg1 Kf5 36. Nc2 Nd3 37. Rb1 b5 38. Ne1 Nb4 39. Rd1 Bb6 40.
Nd3 Nxd3 41. Rxd3 c5 42. Nxb5 cxd4 43. exd4 Rd5 44. Nc3 Rxd4 45. Rxd4 Bxd4 46. Kf1 Ke5 47. Ke1 Ke6 48. Nd1 Kd5 49. Kd2 Kc5 50. Kd3 Kd5 51. Ne3+ Bxe3 52. Kxe3 Ke5 53. Kd3 Kd5 54.
Kc3 Kc5 55. Kd3 Kd5 56. Kd2 Kd4 57. Kc2 Kd5 58. Kd3 Kc5 59. Kc3 Kb5 60. Kd2 Kb4 61. Kc2 Kb5 62. Kb1 Kc5 63. Kc1 Kb5 64. Kd2 Kb4 65.
Kc2 Kb5 66. Kc3 Kc5 67. b4+ axb4+ 68. Kd3 Kd5 69. b3 Ke5 70. Ke3 Kd5 71. Kd2 Ke4 72.
Kc2 Kd4 73. Kd2 Ke5 74. Ke3 Kd5 75. Kd3 Ke5 76. Kd2 Kd4 77. Kc2 Ke4 78. Kd2 Kd4 79.
Kc2 Ke4 80. Kd2 Kd4 1/2-1/2

[Event "Early-Titled-Tuesday-Blitz-May-14-2024"]
[Site "Chess.com"]
[Date "2024.05.14"]
[Round "4"]
[White "SaiHanThiha"]
[Black "czechbul17"]
[Result "1/2-1/2"]
[WhiteElo "2449"]
[BlackElo "2174"]
[TimeControl "180+1"]
[EndTime "8:42:40 PDT"]
[Termination "Game drawn by repetition"]

1. e4 e5 2. Nf3 d5 3. exd5 e4 4. Qe2 Qe7 5. Nd4 Nf6 6. Nc3 Nbd7 7. Nf5 Qe5 8. Ng3 Bb4 9. Ncxe4 O-O 10. c3 Ba5 11. d4 Qxd5 12. Nxf6+ Nxf6 13. Be3 Re8 14. Qf3 Qxd4 15. Be2 Qa4 16. Nf5 Qc6 17. Qxc6 bxc6 18.
Nd4 Bb6 19. O-O Nd5 20. Bf3 Nxe3 21. fxe3 Rxe3 22. Bxc6 Rb8 23. Rae1 Rxe1 24. Rxe1 Be6 25. b3 Rd8 26. Rd1 Rd6 27. Kf1 g6 28. Bf3 Bd5 29. Nb5 Bxf3 30. Rxd6 Bxg2+ 31. Kxg2 cxd6 32. Nxd6 f5 33.
b4 Kf8 34. c4 Bd4 35. Nb5 Be3 36. Kf3 Bg1 37. h4 Ke7 38. c5 a5 39. a3 axb4 40.
axb4 Ke6 41. Nc3 Bd4 42. Ne2 Be5 43. Nf4+ Kd7 44. Nd3 Bd4 45. Kf4 Kc6 46. Kg5 Be3+ 47. Kf6 Kd5 48. Kg7 f4 49. Ne1 Bf2 50. Nf3 Ke4 51.
Ng5+ Kf5 52. Kxh7 Bxh4 53. Nf3 Bf2 54. c6 Bb6 55. Nd4+ Ke4 56. Ne6 Kf5 57. Nxf4 Kxf4 58. Kxg6 Ke5 59. Kf7 Kd6 60. b5 Kc5 61. Ke7 Kxb5 62.
Kd6 Ka6 63. Kd7 Ka7 64. Kc8 Ba5 65. Kd7 Kb8 66. Kd6 Bc7+ 67. Kd7 Bb6 68. Kd6 Bc7+ 69. Kd7 Bg3 70. Kd8 Bc7+ 71. Kd7 1/2-1/2

[Event "Early-Titled-Tuesday-Blitz-May-14-2024"]
[Site "Chess.com"]
[Date "2024.05.14"]
[Round "4"]
[White "NCchamp"]
[Black "rodp92"]
[Result "1-0"]
[WhiteElo "2316"]
[BlackElo "2525"]
[TimeControl "180+1"]
[EndTime "8:42:40 PDT"]
[Termination "NCchamp won by checkmate"]

1. d4 Nf6 2. Bg5 d5 3. e3 Ne4 4. Bf4 g5 5. Be5 Nf6 6. Bd3 Nbd7 7. Bg3 c5 8. c3 Qb6 9. Qc1 Bg7 10.
Nd2 c4 11. Bc2 Nh5 12. e4 Nxg3 13. hxg3 e6 14. Ngf3 h6 15. e5 Nb8 16. Nf1 Bd7 17.
Ne3 Nc6 18. Ng4 O-O-O 19. b4 cxb3 20. axb3 Kb8 21. b4 Rc8 22. Qb2 Bf8 23. Nf6 Rc7 24. O-O Bc8 25. Rfb1 Be7 26. Nh5 g4 27. Ne1 Rg8 28.
Nd3 Rg5 29. Nhf4 h5 30. Nc5 h4 31. gxh4 Rg8 32. g3 Rh8 33. Bd3 Nd8 34. Qe2 Rc6 35. b5 Rxc5 36. dxc5 Bxc5 37. Ra6 bxa6 38. bxa6 Nc6 39.
Rxb6+ Bxb6 40. Bb5 Bd7 41. Nd3 Rg8 42. Nb4 Kc7 43.
Bxc6 Bxc6 44. Nxc6 Kxc6 45. Qd2 Kb5 46. Qf4 Rc8 47. Qxf7 Rxc3 48. Qxe6 Rxg3+ 49. Kf1 Rf3 50. Qxd5+ Kxa6 51. Qc4+ Kb7 52. Qe4+ Kc7 53. Qxg4 Rxf2+ 54. Ke1 Rb2 55. e6 Rb1+ 56. Kd2 Rb5 57. Qg7+ Kc6 58.
Qd7+ Kc5 59. e7 Rb4 60. e8=Q Rd4+ 61. Qxd4+ Kxd4 62. h5 Kc5 63. h6 Kd6 64. h7 Kc5 65. h8=Q Kb4 66. Qb2+ Kc5 67. Qeb5+ Kd6 68. Qxb6+ axb6 69. Qxb6+ Kd5 70. Qb4 Ke5 71. Qc4 Kd6 72. Qb5 Ke6 73.
Qc5 Kd7 74. Qb6 Ke7 75. Kd3 Kd7 76. Ke4 Ke7 77. Ke5 Ke8 78. Qb7 Kf8 79. Ke6 Ke8 80.
Qb8# 1-0

[Event "Early-Titled-Tuesday-Blitz-May-14-2024"]
[Site "Chess.com"]
[Date "2024.05.14"]
[Round "4"]
[White "lefonghua"]
[Black "TenisMaster"]
[Result "0-1"]
[WhiteElo "2613"]
[BlackElo "2918"]
[TimeControl "180+1"]
[EndTime "8:42:41 PDT"]
[Termination "TenisMaster won by resignation"]

1. d4 Nf6 2. c4 e6 3. Nc3 Bb4 4. f3 d5 5. a3 Be7 6. e4 dxe4 7.
fxe4 c5 8. d5 exd5 9. cxd5 Bd6 10. Nf3 Nbd7 11. Be2 Ng4 12. O-O O-O 13. h3 Nge5 14.
Nxe5 Nxe5 15. Bf4 a6 16. a4 b6 17. Qe1 Ng6 18. Bxd6 Qxd6 19. Rd1 Bd7 20. Bh5 Ne5 21. Qg3 b5 22. axb5 axb5 23. Rd2 b4 24. Nd1 c4 25. Ne3 f6 26. Rc1 Rfc8 27. Be2 Qb6 28. Kh2 c3 29.
bxc3 bxc3 30. Rdc2 Qd4 31. d6 Ra3 32. Nd5 Kh8 33. Rxc3 Raxc3 34. Rxc3 Rd8 35. Qe3 Qxe3 36. Nxe3 Nf7 37. Rc7 Nxd6 38. Bf3 Nf7 39. Nd5 Ne5 40. Nb6 Be6 41. Nd5 h6 42. Re7 Nxf3+ 43. gxf3 Bxd5 44. exd5 Rxd5 45. Kg3 Kh7 46. h4 Kg6 47. Rc7 Rd4 48.
Rb7 Ra4 49. Rc7 h5 50. Rb7 Kh6 51. Rb6 Ra1 52. Rc6 Rg1+ 53. Kh3 Kg6 54. Rc5 Re1 55. Rc7 f5 56. Rc6+ Kf7 57. Kg3 Re6 58. Rc7+ Kf6 59. Rc5 g6 60. Ra5 Rb6 61. Rc5 Rb4 62. Ra5 f4+ 63. Kh3 Rb3 64. Kg2 Re3 65. Ra6+ Re6 66. Ra5 Re2+ 67. Kg1 Ke6 68. Rb5 Re5 69. Rb6+ Kf5 70.
Rb4 Re2 71. Rb5+ Ke6 72. Rb6+ Ke5 73. Rxg6 Kd4 74. Rg5 Ke3 75. Rxh5 Kxf3 76. Rh8 Re1+ 77. Kh2 Kf2 78. Ra8 f3 79. h5 Re5 80. Rh8 Kf1 81. Rf8 f2 82. Kg3 Rg5+ 83. Kf3 Kg1 84. Ke2 Re5+ 85. Kd3 f1=Q+ 86. Rxf1+ Kxf1 0-1

[Event "Early-Titled-Tuesday-Blitz-May-14-2024"]
[Site "Chess.com"]
[Date "2024.05.14"]
[Round "4"]
[White "jefferyx"]
[Black "jumpingknight20"]
[Result "1/2-1/2"]
[WhiteElo "3081"]
[BlackElo "2744"]
[TimeControl "180+1"]
[EndTime "8:42:41 PDT"]
[Termination "Game drawn by repetition"]

1. d4 Nf6 2. c4 e6 3. h4 d5 4. h5 h6 5. e3 c5 6. dxc5 Bxc5 7.
Nc3 Nc6 8. Nf3 O-O 9. Bd2 d4 10. exd4 Nxd4 11. Be3 e5 12. Nxe5 Re8 13. Nd3 Bg4 14.
Qd2 Bb6 15. c5 Bc7 16. Be2 Nxe2 17. Nxe2 Ne4 18. Qc2 Nxf2 19. Nxf2 Bxe2 20. Qxe2 Bf4 21. Rh3 Qg5 22. Nd1 Rad8 23. Kf2 Re4 24. Kg1 Rde8 25.
Qf2 Bxe3 26. Nxe3 Rxe3 27. Rxe3 Qxe3 28. Rd1 Qxf2+ 29. Kxf2 Re5 30. b4 a5 31. a3 axb4 32.
axb4 Re4 33. Rb1 Kf8 34. Kf3 f5 35. b5 Re5 36. c6 bxc6 37. b6 Re8 38. Kf4 Rb8 39.
Kxf5 Ke7 40. Kg6 c5 41. Kxg7 c4 42. Kxh6 c3 43. Kg7 Rb7 44. Rc1 Ke8+ 45. Kg8 Rxb6 46. Rxc3 Rb5 47. h6 Rg5+ 48. Kh7 Rxg2 49. Rf3 Ke7 50.
Rf4 Ke8 51. Rf3 Ke7 52. Rf4 Ke8 53. Kh8 Ke7 54. Rf5 Ke8 55. h7 Ke7 56. Ra5 Kf7 57.
Ra7+ Kf8 58. Ra8+ Kf7 59. Rg8 Rh2 60. Rg7+ Kf8 61. Rg3 Rh1 62. Rf3+ Ke7 63. Kg7 Rg1+ 64.
Kh6 Rh1+ 65. Kg6 Rg1+ 66. Kf5 Rh1 67. Kg6 Rg1+ 68. Kh6 Rh1+ 69. Kg7 Rg1+ 70. Kh8 Ke8 71. Rf4 Ke7 72. Ra4 Kf8 73. Ra8+ Kf7 74. Rg8 Ra1 75. Rb8 Rg1 76. Rb7+ Kf8 77. Rb8+ Kf7 78. Rb7+ Kf8 79.
Rb8+ Kf7 1/2-1/2

[Event "Early-Titled-Tuesday-Blitz-May-14-2024"]
[Site "Chess.com"]
[Date "2024.05.14"]
[Round "4"]
[White "arenal72"]
[Black "super_emi_26"]
[Result "0-1"]
[WhiteElo "2628"]
[BlackElo "2895"]
[TimeControl "180+1"]
[EndTime "8:42:41 PDT"]
[Termination "super_emi_26 won by resignation"]

1. Nf3 Nf6 2. g3 g6 3. Bg2 Bg7 4. O-O O-O 5. d3 d5 6. Nbd2 b6 7. e4 e6 8. Qe2 dxe4 9. dxe4 Ba6 10. c4 Nc6 11. Rd1 Nd7 12. Nb3 Qe8 13. Bf4 Nde5 14.
Nxe5 Nxe5 15. Bxe5 Bxe5 16. f4 Bg7 17. e5 Rd8 18.
Nd4 Qe7 19. b3 c5 20. Nb5 Bxb5 21. cxb5 Rd4 22. Rxd4 cxd4 23. Qc4 Rd8 24. Rd1 Qa3 25. Rxd4 Rxd4 26. Qxd4 Qxa2 27. Qd3 Bf8 28. h4 Bc5+ 29. Kh2 h5 30. Kh3 Qf2 31. Qd8+ Kg7 32. Qf6+ Kg8 33.
Qd8+ Bf8 34. Qd7 Qa2 35. Qd3 Qa3 36. Be4 Kg7 37. Bg2 Be7 38. Qd7 Bc5 39. Qd3 Qb2 40.
Bf3 Bb4 41. Qd8 Qxb3 42. Qf6+ Kg8 43. Be4 Qd1 44. Kh2 Bc5 45. Kh3 Qf1+ 46. Bg2 Qxb5 47.
Qd8+ Kg7 48. Qf6+ Kg8 49. Qd8+ Bf8 50. Qc7 a5 51. Qc2 a4 52. Be4 Qf1+ 53. Kh2 Bc5 54. Bg2 Qg1+ 55. Kh3 Qd4 56. Be4 a3 57. Bxg6 a2 58.
Bxf7+ Kf8 59. Qh7 Ke7 60. Qg8 Qd8 61. Qg5+ Kxf7 62. Qxd8 a1=Q 63. Qf6+ Ke8 64. Qxe6+ Kd8 65. Qf6+ Kc7 66. Qg7+ Kc6 67. Qg6+ Kd5 68. Qxh5 Qh1+ 69. Kg4 Qd1+ 70. Kg5 Qxh5+ 71. Kxh5 b5 72. Kg6 b4 73.
h5 b3 74. h6 b2 75. h7 b1=Q+ 76. Kg7 Qb7+ 77. Kg8 Qc8+ 78. Kg7 Qd7+ 79. Kg6 Qe8+ 80.
Kg7 Qf8+ 81. Kg6 Ke6 82. g4 Qf7+ 83. Kh6 Bf8+ 84. Kg5 Qxh7 85. f5+ Kxe5 0-1

[Event "Early-Titled-Tuesday-Blitz-May-14-2024"]
[Site "Chess.com"]
[Date "2024.05.14"]
[Round "4"]
[White "MaxLeto"]
[Black "gilbert_gm"]
[Result "0-1"]
[WhiteElo "2425"]
[BlackElo "2906"]
[TimeControl "180+1"]
[EndTime "8:42:44 PDT"]
[Termination "gilbert_gm won by checkmate"]

1. e4 b6 2. d4 Bb7 3. Nc3 e6 4. Be3 Bb4 5. f3 d5 6. e5 Bxc3+ 7. bxc3 Ba6 8. Bd3 Ne7 9. Ne2 Qd7 10. a4 Bc4 11. a5 Nbc6 12. axb6 cxb6 13. O-O Na5 14. g4 h5 15. Rf2 f6 16. Bf4 Nac6 17.
Ng3 hxg4 18. exf6 gxf6 19. fxg4 Bxd3 20. cxd3 e5 21. dxe5 fxe5 22. Bg5 O-O-O 23. h4 Rdf8 24. Raa2 Ng6 25. Rxf8+ Rxf8 26. Rf2 Rg8 27. Qf3 a5 28. h5 Nf8 29. Qxf8+ Rxf8 30. Rxf8+ Kb7 31. Nf5 Ka6 32.
h6 e4 33. Bf6 exd3 34. Kf2 Qe6 35. Ne3 Qd6 36. g5 Qxf8 37. h7 d2 38. h8=Q Qc5 39.
Ke2 Qxe3+ 40. Kxe3 d1=Q 41. Qh2 Kb7 42. Qe2 Qg1+ 43.
Qf2 Qg4 44. Qf4 Qe6+ 45. Kd3 Qf7 46. Qf5 Qg8 47. g6 Nb8 48. g7 d4 49. Bxd4 Qa2 50. Qf8 Qb1+ 51. Kd2 Qb2+ 52. Ke3 Qc1+ 53. Ke2 Qc2+ 54.
Kf3 Qd3+ 55. Kf4 Qf1+ 56. Kg5 Qg2+ 57. Kf6 Qf3+ 58. Ke6 Qe4+ 59. Be5 Nc6 60. Qf7+ Ka6 61. Qf5 Qc4+ 62. Kf6 a4 63. Qc8+ Kb5 64. g8=Q Qf1+ 65. Ke6 Qc4+ 66. Kd6 Qc5+ 67. Kd7 Qe7# 0-1

[Event "Early-Titled-Tuesday-Blitz-May-14-2024"]
[Site "Chess.com"]
[Date "2024.05.14"]
[Round "4"]
[White "Legendinunknown"]
[Black "Thjop"]
[Result "1-0"]
[WhiteElo "2833"]
[BlackElo "2605"]
[TimeControl "180+1"]
[EndTime "8:42:48 PDT"]
[Termination "Legendinunknown won by resignation"]

1. Nf3 Nf6 2. c4 g6 3. Nc3 Bg7 4. e4 d6 5. d4 O-O 6. Be2 e5 7.
O-O Nc6 8. d5 Ne7 9. Kh1 Nd7 10.
g4 a5 11. Rg1 Nc5 12. Be3 b6 13. Qd2 Kh8 14. Bh6 Bxh6 15. Qxh6 Ng8 16. Qe3 h6 17. Rg2 Kg7 18. h4 Bd7 19. Rag1 a4 20. Bd1 Ne7 21. g5 h5 22. Ne2 Qc8 23. Ng3 Rh8 24. Nd2 Qe8 25. f4 exf4 26. Qxf4 Ng8 27. Nf3 Nd3 28. Qe3 Ne5 29. Qc3 Qe7 30. Rf2 Rh7 31. Rgf1 Kf8 32. Nxe5 Qxe5 33. Qxe5 dxe5 34. Bxh5 Ke7 35. Bd1 Rxh4+ 36.
Rh2 Rxh2+ 37. Kxh2 f6 38. gxf6+ Nxf6 39. Kg2 Rh8 40.
Rf2 Rh4 41. Bf3 Bh3+ 42. Kg1 Nd7 43. Ne2 Nc5 44. Nc3 Bd7 45. Bg2 g5 46. Re2 Kd6 47.
Re3 Rf4 48. Bf1 Be8 49. Be2 Bd7 50. Kg2 Rh4 51. Bd1 Ke7 52. Bc2 Be8 53. b4 axb3 54. axb3 Nd7 55. Rg3 Kf6 56. Nb5 Bg6 57. Nxc7 Bxe4+ 58. Bxe4 Rxe4 59. Nb5 Rf4 60. Rh3 Nc5 61. Rh6+ Kf5 62.
Rxb6 e4 63. d6 e3 64. Nc3 Rf2+ 65. Kg3 Rc2 66. Rb5 Rxc3 67. Rxc5+ Ke6 68. Rd5 Kd7 69.
Rxg5 Kxd6 70. Rb5 Kc6 71. Kf3 Kd6 72. Ke2 Kc6 73. Rb8 Kc5 74. Rb7 Kc6 75. Rb5 Kd6 76.
Rd5+ Kc6 77. Rd3 Rc2+ 78. Kxe3 Rb2 79. Kd4 Rh2 80. Re3 Rh6 81. Kc3 Rh4 82. b4 Rh3 83. b5+ Kc5 84. Rxh3 1-0

[Event "Early-Titled-Tuesday-Blitz-May-14-2024"]
[Site "Chess.com"]
[Date "2024.05.14"]
[Round "4"]
[White "TitarovVasiliYouTube"]
[Black "AlmasRakhmatullaev"]
[Result "1/2-1/2"]
[WhiteElo "2630"]
[BlackElo "2875"]
[TimeControl "180+1"]
[EndTime "8:43:04 PDT"]
[Termination "Game drawn by repetition"]

1. Nf3 Nf6 2. g3 g6 3. Bg2 Bg7 4. O-O O-O 5. d3 d6 6. Nbd2 Nbd7 7. e4 e5 8. c3 c6 9. a4 a5 10.
Qc2 Nh5 11. d4 Qe7 12. Re1 f5 13. exf5 gxf5 14. dxe5 dxe5 15. Nc4 e4 16. Nh4 Nc5 17. b3 Be6 18. Ba3 Rad8 19. Rad1 Nf6 20. Nxa5 Rxd1 21. Rxd1 Nd5 22. Nxb7 Qxb7 23. Bxc5 Rb8 24. c4 Nc3 25. Rd6 Qf7 26. a5 Be5 27. Rxc6 Rd8 28. h3 f4 29. Bxe4 fxg3 30. fxg3 Rd1+ 31. Qxd1 Nxd1 32. Rxe6 Bxg3 33. Bd5 Bf2+ 34. Kh1 Kh8 35. Re2 Qf6 36. Bxf2 Nxf2+ 37. Kg2 Nd3 38. Re8+ Kg7 39. Rg8+ Kh6 40. Nf3 Nf4+ 41.
Kg3 Ne2+ 42. Kf2 Nc1 43. Kg3 Nd3 44. Rg4 Ne5 45. Nxe5 Qxe5+ 46. Kg2 Qe2+ 47. Kg3 Qe3+ 48. Kg2 Qxb3 49. a6 Qa2+ 50. Kg3 Qxa6 51. Kg2 Qd6 52. Re4 Kg5 53. Kf3 h5 54. h4+ Kf5 55. Ke3 Qa3+ 56.
Ke2 Qg3 57. Kd2 Qf2+ 58. Kd3 Qc5 59. Kc3 Kf6 60. Kd3 Kg7 61. Re6 Kf8 62. Re4 Kg7 63.
Ke2 Kf6 64. Kd3 Kf5 65. Ke2 Qa3 66. Kd2 Qb2+ 67. Kd3 Qc1 68. Kd4 Qg1+ 69. Kd3 Qg3+ 70. Kd4 Qg7+ 71. Kd3 Qg1 72. Be6+ Kf6 73. Bd5 Qf2 74.
Re6+ Kg7 75. Re4 Kg6 76. Re6+ Kf5 77. Re4 Qb6 78. Be6+ Kf6 79. Bd5 Qb2 80. Re6+ Kf5 81. Re4 Kg6 82. Re6+ Kg7 83. Re4 Qc1 84. Re7+ Kf6 85.
Re4 Kf5 86. Be6+ Kf6 87. Bd5 Qb1+ 88. Kd4 Qb6+ 89. Kd3 Qb2 90. Re6+ Kf5 91. Re4 1/2-1/2

[Event "Early-Titled-Tuesday-Blitz-May-14-2024"]
[Site "Chess.com"]
[Date "2024.05.14"]
[Round "4"]
[White "Doublekk14"]
[Black "Lovetov"]
[Result "0-1"]
[WhiteElo "2349"]
[BlackElo "2548"]
[TimeControl "180+1"]
[EndTime "8:43:06 PDT"]
[Termination "Lovetov won on time"]

1. c4 e6 2. e4 d5 3. exd5 exd5 4. d4 Nf6 5. Nf3 Bb4+ 6. Nc3 O-O 7. Be2 dxc4 8. O-O Be6 9. Ng5 Bf5 10. Bxc4 Nc6 11.
Be3 h6 12. Nf3 Bg4 13. h3 Bxf3 14. Qxf3 Nxd4 15. Qxb7 Bc5 16. Na4 Rb8 17. Qa6 Bb6 18.
Nxb6 axb6 19. Rad1 c5 20. Bxd4 cxd4 21. Qb5 Qd6 22.
Rd3 Rfd8 23. Rfd1 Qc5 24. b4 Qe7 25. Rxd4 Rxd4 26. Rxd4 Qe1+ 27. Bf1 Ne4 28. Qe2 Qxe2 29. Bxe2 Nc3 30. Bd3 Nxa2 31. b5 Nc3 32. Rd7 Rc8 33. Rb7 Na4 34. Be2 g6 35. Bf3 Rc1+ 36. Kh2 Rc5 37.
Bc6 g5 38. Be8 Rf5 39. Bd7 Rf6 40. Bc6 Rxf2 41. Kg3 Rf4 42. Bd5 h5 43. Bb3 h4+ 44. Kh2 Nc5 45. Rb8+ Kg7 46. Bd5 Rf6 47. Bc6 Na4 48.
Ra8 Rf4 49. g3 hxg3+ 50. Kxg3 Nc3 51. Rb8 Na4 52. Ra8 Kf6 53. Be8 Ke5 54. Ra7 f6 55. Bc6 Kd6 56. Rd7+ Kc5 57. Rd5+ Kb4 58. Rd2 Nc3 59.
Rf2 Rxf2 60. Kxf2 Nxb5 61. Ke3 Nd6 62. Kd4 Nf7 63. Kd5 b5 64. Ke6 Nd8+ 65. Kxf6 Nxc6 66. Kxg5 Kc5 67. h4 Ne5 68. h5 Kd6 69. Kf5 Nf7 70. Ke4 Kc5 71. Kd3 b4 72. Kc2 Kc4 73.
Kb2 b3 74. Kb1 Kc3 75. Kc1 Kc4 76. Kb2 Kb4 77. Kb1 Ka4 78. Kb2 Kb4 79. Kb1 Kc3 80. Kc1 b2+ 81. Kb1 Nh6 82. Ka2 Kc2 83.
Ka3 b1=Q 0-1

[Event "Early-Titled-Tuesday-Blitz-May-14-2024"]
[Site "Chess.com"]
[Date "2024.05.14"]
[Round "4"]
[White "MyDream003"]
[Black "Denis_Makhnyov"]
[Result "1-0"]
[WhiteElo "2850"]
[BlackElo "2985"]
[TimeControl "180+1"]
[EndTime "8:43:09 PDT"]
[Termination "MyDream003 won on time"]

1. d4 d5 2. c4 e6 3. Nf3 c6 4. e3 f5 5. b3 Bd6 6. Bd3 Qe7 7. a4 a5 8. Ba3 Nh6 9. Bxd6 Qxd6 10.
Nc3 Nf7 11. Qd2 O-O 12. Ne2 g6 13. h4 Nd7 14. Nf4 Kg7 15. Qc3 Re8 16. Kf1 b6 17.
Rh3 Ba6 18. Rg3 Kf6 19. Kg1 Qb4 20. Qc2 Rac8 21. h5 g5 22. Nxe6 Kxe6 23. Bxf5+ Kd6 24. Bxd7 Kxd7 25. Qf5+ Ke7 26. Nxg5 Nd6 27. Qxh7+ Kd8 28. h6 dxc4 29. bxc4 Bxc4 30. Rb1 Qc3 31. Qa7 Rc7 32. Qxb6 Kd7 33. Qc5 Qd3 34. Rc1 Rb8 35. h7 Bd5 36. Qc2 Qxc2 37. Rxc2 Rh8 38. f3 Ke7 39. e4 Bb3 40. Rc5 Nf7 41. Nxf7 Bxf7 42. Rh3 Kf8 43. Rxa5 Kg7 44. Rg5+ Kf6 45. Ra5 Kg7 46.
Kf2 Rxh7 47. Rxh7+ Kxh7 48. Rc5 Ra7 49. a5 Ra6 50. g4 Kg7 51. Kg3 Kf6 52. Kf4 Ke6 53. Ke3 Kd6 54. f4 Ra8 55. f5 Rh8 56. g5 Rh1 57. g6 Bb3 58. a6 Ra1 59. e5+ Kc7 60. g7 Rxa6 61. e6 Ra8 62. Kf4 Kd6 63. Kg5 Bxe6 64.
fxe6 Kxe6 65. Rxc6+ Kf7 66. Rc7+ Kg8 67. d5 Rd8 68. Kf6 Rd6+ 69. Ke5 Rh6 70. d6 Rh1 71. d7 Re1+ 72. Kf4 Rf1+ 73. Ke3 Rd1 74. Rc8+ Kxg7 75. d8=Q Rxd8 76. Rxd8 Kh7 77. Rd6 1-0